 Dungeon Crawl Stone Soup version 0.31.0-11-ge490571c62 (webtiles) character file.

Game seed: 17378573697855396427

23 qw the Shooter (level 2, 0/14 HPs)
             Began as a Spriggan Hunter on Feb 4, 2024.
             Succumbed to their own poison gas
             ... on level 1 of the Dungeon.
             The game lasted 00:00:01 (620 turns).

qw the Shooter (Spriggan Hunter)                     Turns: 620, Time: 00:00:02

Health: 0/14       AC:  2    Str:  7    XL:     2   Next: 75%
Magic:  3/3        EV: 19    Int: 10    God:
Gold:   81         SH:  0    Dex: 18    Spells: 1/1 levels left

rFire   . . .        a - +0 shortbow
rCold   . . .        (shield currently unavailable)
rNeg    . . .        c - +0 robe
rPois   .            (helmet restricted)
rElec   .            (no cloak)
rCorr   .            (gloves unavailable)
SInv    +            (boots unavailable)
Will    .....        (no amulet)
Stlth   ++           (no ring)
HPRegen 0.22/turn    (no ring)
MPRegen 0.08/turn

%: no passive effects
@: lethally poisoned (0 -> -5), very quick
A: very small, no large weapons, unfitting armour, see invisible, speed 3
a: no special abilities


You were on level 1 of the Dungeon.
You visited 1 branch of the dungeon, and saw 1 of its levels.

You collected 81 gold pieces.


Innate Abilities, Weirdness & Mutations

You are very small and have problems with some larger weapons.
You are too small for most types of armour.
You have supernaturally acute eyesight. (SInv)
You cover ground extremely quickly. (Speed+++)


   Skills:
 - Level 1.5 Fighting
 + Level 4.3 Ranged Weapons
 - Level 4.0 Dodging
 - Level 1.5 Stealth


You had one spell level left.
You didn't know any spells.
Your spell library was empty.

Inventory:

Hand Weapons
 a - a +0 shortbow (weapon)
Armour
 c - a +0 robe (worn)

Dungeon Overview and Level Annotations

Branches:
Dungeon (1/15)

Altars:


Message History

As you read the scroll labelled PAAZ DURIG, it dissolves into smoke.
It was a scroll of fog.
Done exploring.
612 ||| READING scroll labelled VUTESH JESAOM.
As you read the scroll labelled VUTESH JESAOM, it crumbles to dust.
It is a scroll of identify.
612 ||| IDENTIFYING metallic red potion;
g - a potion of attraction Done exploring.
613 ||| READING scroll labelled ZOFISTR ENTULUKK.
As you read the scroll labelled ZOFISTR ENTULUKK, it crumbles to dust.
It is a scroll of enchant armour.
613 ||| ENCHANTING +0 shortbow.
Done exploring.
614 ||| DROPPING scroll of butterflies.
You drop a scroll of butterflies.
Done exploring.
615 ||| DROPPING potion of attraction.
You drop a potion of attraction.
Done exploring.
What level of the Dungeon? (default 1, ? - help) Sorry, I don't know how to get there.
Enter note:
Enter note:
Enter note:
Enter note:
Enter note:
Enter note:
Enter note:
Enter note:
Enter note: You are engulfed in poison gas.
You are poisoned.
You feel sick.
617 ||| Stepping ~*~*~tactically~*~*~ (cloud).
You feel sick.
Things that are here:
a potion of attraction; a scroll of butterflies
There is a lethal amount of poison in your body!
You feel sick.
There is a lethal amount of poison in your body!
You feel sick.
There is a lethal amount of poison in your body!
You die...

#........######
#######'##....# #0##....#
###### #¤##....###.....
#########00..........###
#¤¤000¤0¤¤#..........#..
#¤0¤00¤00¤#..........#..
#00¤00¤0¤##¤###.....##..
#000¤00@0¤0000####..##..
###########0¤¤¤0¤# #..##..
#......# #¤¤¤¤00####..##..
#......# #00¤¤¤0¤.....##..
#......# #¤¤000¤0~~~~..#..
#......# #¤¤¤000¤~~~~.....
#......####000000¤~~~~.#...
#..........¤¤¤¤¤0¤~~~~.###%
#.................~~~~.####


There were no monsters in sight!

Vanquished Creatures
  A dart slug (D:1)
  4 bats (D:1)
  An endoplasm (D:1)
  A giant cockroach (D:1)
  2 hobgoblins (D:1)
  3 kobolds (D:1)
  4 ball pythons (D:1)
  A goblin (D:1)
  3 rats (D:1)
20 creatures vanquished.

Notes
Turn   | Place    | Note
-------+----------+-------------------------------------------
     0 | D:1      | qw the Spriggan Hunter began the quest for the Orb.
     0 | D:1      | Reached XP level 1. HP: 10/10 MP: 2/2
     0 | D:1      | 0 ||| qw: Version: 0.3-a-160-g6735b56
     0 | D:1      | 0 ||| qw: Game counter: 5614
     0 | D:1      | 0 ||| qw: Melee chars always use a shield: true
     0 | D:1      | 0 ||| qw: God list: Okawaru
     0 | D:1      | 0 ||| qw: Allow faded altars: false
     0 | D:1      | 0 ||| qw: Do Orc after clearing Dungeon:15 true
     0 | D:1      | 0 ||| qw: Do second Lair branch before Depths: true
     0 | D:1      | 0 ||| qw: Lair rune preference: random
     0 | D:1      | 0 ||| qw: Goals: Normal
     0 | D:1      | 0 ||| PLANNING D:1-11
    13 | D:1      | Reached skill level 3 in Dodging
   152 | D:1      | Reached XP level 2. HP: 14/14 MP: 3/3
   610 | D:1      | 610 ||| READING scroll labelled GUOROD YDUA.
   611 | D:1      | 611 ||| READING scroll labelled PAAZ DURIG.
   612 | D:1      | 612 ||| READING scroll labelled VUTESH JESAOM.
   612 | D:1      | 612 ||| IDENTIFYING metallic red potion
   613 | D:1      | 613 ||| READING scroll labelled ZOFISTR ENTULUKK.
   613 | D:1      | 613 ||| ENCHANTING +0 shortbow.
   614 | D:1      | 614 ||| DROPPING scroll of butterflies.
   615 | D:1      | 615 ||| DROPPING potion of attraction.
   617 | D:1      | 617 ||| Stepping ~*~*~tactically~*~*~ (cloud).
   618 | D:1      | HP: 3/14 [poisoned by you (poison gas)]
   619 | D:1      | HP: 1/14 [poisoned by you (poison gas)]
   620 | D:1      | Succumbed to their own poison gas

Levels and vault maps discovered:
D:1:      dpeg_arrival_fog, layout_basic, minivault_14

Skill      XL: |  1  2 |
---------------+-------+-----
Dodging        | 3 4 |  4.0
Fighting       | |  1.5
Ranged Weapons | |  4.3
Stealth        | |  1.5

Action                     || total
---------------------------++-------
   Fire: Shortbow          ||    48
    Use: Scroll            ||     4
 Armour: Robe              ||     2
  Dodge: Dodged            ||    12

Table legend:
 A = Non-vault XP
 B = Vault XP
 C = Vault XP percentage of total XP
 D = Non-vault monster count
 E = Vault monster count
 F = Vault count percentage of total count
                 A         B        C        D         E       F
            +---------+---------+-------+---------+---------+-------
      Total |      34 |       0 |   0.0 |      20 |       0 |   0.0
            +---------+---------+-------+---------+---------+-------
        D:1 |      34 |       0 |   0.0 |      20 |       0 |   0.0
            +---------+---------+-------+---------+---------+-------
